cohdb
Replays
Latest Replays
All Replays
Popular Replays
Top Player Replays
Match Explorer
How It Works
Community
CoH3 Stats
Reddit
Sign in to upload your games and track your stats! →
Sign in with Steam
Match 45908455
Unlisted
Match 45908455
Overview
Messages
Build Orders
End
Royal Engineer Section
Construct Section Command Post
Dingo Light Scout Car
Infantry Section
Infantry Section
Selects Canadian Shock Battlegroup
Selects Attacking Spirit
Selects Canadian Shock Section
Canadian Shock Section
Construct Platoon Command Post
Selects Incendiary Munitions
Infantry Training
Humber Armored Car
Selects Pyrotechnics
Vickers Machine Gun Team
6-pounder Anti-tank Gun Team
6-pounder Anti-tank Gun Team
Construct Field Infirmary
Grenade Package
Canadian Shock Section
Selects Churchill Crocodile Heavy Tank
Churchill Crocodile Heavy Tank
Armored Vehicle Training
Selects Smoke Operation
Royal Engineer Section
Team Weapon Training
Canadian Shock Section
Construct Company Command Post
Canadian Shock Section
Unlock Towed 17-pounder Anti-tank Guns
Canadian Shock Section
Infantry Section
mikec_81
Tommo [KSK]
0
0
Comments
sign in to comment!
No comments posted yet!